 Dungeon Crawl Stone Soup version 0.24-a0-616-ge2a249a (webtiles) character file.

Game seed: 2569297361675244601, levelgen mode: deterministic

14 BoppinsLewinski the Magician (level 2, 0/18 HPs)
             Began as a Halfling Wanderer on Sept 15, 2019.
             Slain by a jackal (2 damage)
             ... on level 1 of the Dungeon.
             The game lasted 00:01:34 (650 turns).

BoppinsLewinski the Magician (Halfling Wanderer)     Turns: 650, Time: 00:01:34

Health: 0/18       AC:  2    Str: 10    XL:     2   Next: 55%
Magic:  6/6        EV: 13    Int:  9    God:
Gold:   22         SH:  0    Dex: 17    Spells: 7/8 levels left

rFire    . . .     SeeInvis .   h - -2 whip (curse)
rCold    . . .     Gourm    .   (shield restricted)
rNeg     . . .     Faith    .   e - +0 robe
rPois    .         Spirit   .   (no helmet)
rElec    .         Reflect  .   (no cloak)
rCorr    .         Harm     .   (no gloves)
MR       .....                  (no boots)
Stlth    ++........             (no amulet)
HPRegen  0.06/turn              (no ring)
MPRegen  0.10/turn              (no ring)

@: no status effects
A: small, mutation resistance 1
a: no special abilities


You were on level 1 of the Dungeon.
You were not hungry.

You visited 1 branch of the dungeon, and saw 1 of its levels.

You collected 22 gold pieces.

Inventory:

Hand Weapons
 a - a +2 dagger
 g - a +1 hand axe of chopping
 h - a cursed -2 whip (weapon)
Armour
 e - a +0 robe (worn)
Scrolls
 b - a scroll of blinking
 c - a scroll of teleportation {unknown}
Comestibles
 f - 3 rations


   Skills:
 + Level 0.4 Fighting
 + Level 0.5 Armour
 + Level 0.6 Dodging
 - Level 1.1 Stealth
   Level 1.1 Shields
 - Level 3.5 Spellcasting
   Level 1.0 Hexes
 - Level 1.0 Transmutations
   Level 2.0 Earth Magic


You had 7 spell levels left.
You knew the following spells:

 Your Spells              Type           Power        Failure   Level  Hunger
a - Beastly Appendage     Tmut           #.....       19%         1    #......

Your spell library contained the following spells:

 Spells                   Type           Power        Failure   Level  Hunger
 Ignite Poison            Fire/Tmut/Pois #.......     58%         3    ###....


Dungeon Overview and Level Annotations

Branches:
Dungeon (1/15)

Altars:


Innate Abilities, Weirdness & Mutations

You are small and have problems with some larger weapons.
You are somewhat resistant to further mutation.


Message History

Tha jackal bites ye.
* * * LOW HITPOINT WARNIN'
* * * Ye hit tha jackal.
Tha jackal be moderately wounded.
Tha jackal barely misses ye. x2
Ye closely miss tha jackal.
Tha jackal be lightly wounded.
Tha jackal barely misses ye.
Ye barely miss tha jackal.
Tha jackal be lightly wounded.
Tha jackal bites ye.
* * * LOW HITPOINT WARNIN'
* * * Tha jackal barely misses ye.
Ye closely miss tha jackal.
Tha jackal be lightly wounded.
Tha jackal barely misses ye.
Ye miss tha jackal.
Tha jackal be lightly wounded.
Tha jackal closely misses ye.
Tha jackal bites ye.
Ye die...

#........#...# #.
#............. #.
#............. ..
#..........(.. # #.
#............. #.##.
#............. .?.
#.####....#
####h########.##.....##
#...gh@........#.#.###
#.##.##..####..#.#.# #.
#..# #......#
#............#.##
####..#####....# #..#
#.#### .... ..# ####
####


You could see 2 jackals and a hobgoblin.

Vanquished Creatures
  A dart slug (D:1)
  A leopard gecko (D:1)
  A hobgoblin (D:1)
  2 jackals (D:1)
  2 kobolds (D:1)
  A frilled lizard (D:1)
  2 rats (D:1)
10 creatures vanquished.

Notes
Turn   | Place    | Note
-------+----------+-------------------------------------------
     0 | D:1      | BoppinsLewinski the Halfling Wanderer began the quest for
                  | the Orb.
     0 | D:1      | BoppinsLewinski set off with the following items: a +2
                  | dagger, a scroll of blinking, a potion of curing, a +0
                  | robe, a ration; and the following spell memorised: Beastly
                  | Appendage; and the following spells available to memorise:
                  | Ignite Poison
     0 | D:1      | Reached XP level 1. HP: 11/11 MP: 4/4
   485 | D:1      | Reached XP level 2. HP: 17/17 MP: 6/6
   650 | D:1      | Slain by a jackal

Levels and vault maps discovered:
D:1:      minmay_arrival_stone_box, layout_loops_cross, minivault_4

Action                   || total
-------------------------++-------
Melee: Dagger            ||     9
       Whip              ||    38
       Hand axe          ||     2
  Use: Potion            ||     2
       Scroll            ||     1
 Stab: Sleeping          ||     1
Armor: Robe              ||    10
Dodge: Dodged            ||    44

Table legend:
 A = Non-vault XP
 B = Vault XP
 C = Vault XP percentage of total XP
 D = Non-vault monster count
 E = Vault monster count
 F = Vault count percentage of total count
                 A         B        C        D         E       F
            +---------+---------+-------+---------+---------+-------
      Total |      20 |       0 |   0.0 |      10 |       0 |   0.0
            +---------+---------+-------+---------+---------+-------
        D:1 |      20 |       0 |   0.0 |      10 |       0 |   0.0
            +---------+---------+-------+---------+---------+-------
